[Event "Early-Titled-Tuesday-Blitz-March-12-2024"]
[Site "Chess.com"]
[Date "2024.03.12"]
[Round "4"]
[White "ChessQueen"]
[Black "RebelJohnny"]
[Result "1-0"]
[WhiteElo "2766"]
[BlackElo "2519"]
[TimeControl "180+1"]
[EndTime "8:40:21 PDT"]
[Termination "ChessQueen won by resignation"]

1. Nf3 d5 2. g3 Bg4 3. Bg2 Nd7 4. d4 c6 5. O-O Ngf6 6. h3 Bh5 7. c4 e6 8. cxd5 exd5 9. Ne5 Nxe5 10. dxe5 Nd7 11. f4 Bc5+ 12. Kh2 h6 13. Nc3 g5 14. Qd3 gxf4 15. Bxf4 Bg6 16. e4 Qe7 17. Qf3 d4 18. Na4 Nxe5 19. Bxe5 Qxe5 20. Nxc5 Qxc5 21. Qf6 Kd7 22.
Rad1 Rae8 23. Rxd4+ Kc8 24. Rfd1 Qe7 25. Qf4 Rd8 26. e5 Rxd4 27. Rxd4 Rd8 28. Ra4 a6 29.
Rc4 Qc7 30. Qe3 Kb8 31. Rd4 Rxd4 32. Qxd4 h5 33. h4 Qa5 34. a3 Qe1 35. b4 Qe2 36. a4 Bf5 37. Qf4 Be6 38. Qf3 Qxe5 39. a5 Bd5 40. Qd3 Bxg2 41. Qd8+ Ka7 42. Qb6+ Ka8 43.
Kxg2 Qd5+ 44. Kh2 Qd2+ 45. Kg1 Qe1+ 46. Kg2 Qe2+ 47. Kg1 Qd1+ 48. Kg2 Kb8 49. Kh2 Kc8 50. Qc5 Qd2+ 51. Kg1 Qe1+ 52. Kh2 Qe2+ 53. Kg1 Qd1+ 54. Kg2 Qd5+ 55. Qxd5 cxd5 56. g4 hxg4 57. h5 d4 58. h6 d3 59. h7 d2 60. h8=Q+ Kc7 61. Qc3+ 1-0

[Event "Early-Titled-Tuesday-Blitz-March-12-2024"]
[Site "Chess.com"]
[Date "2024.03.12"]
[Round "4"]
[White "imdvb6307"]
[Black "Hamisandwich"]
[Result "0-1"]
[WhiteElo "2494"]
[BlackElo "2714"]
[TimeControl "180+1"]
[EndTime "8:40:21 PDT"]
[Termination "Hamisandwich won by checkmate"]

1. d4 Nf6 2. Nf3 c5 3. e3 e6 4.
Nbd2 Nc6 5. c3 b6 6. Bd3 cxd4 7. exd4 Bb7 8. O-O Be7 9. Nc4 d6 10. a4 a6 11. Qb3 Nd7 12. Bf4 Qc7 13. Ne3 Na5 14. Qd1 e5 15. dxe5 dxe5 16. Nf5 Bf6 17. Re1 O-O 18. Bg5 Rad8 19. Bxf6 Nxf6 20. Nxe5 Rd5 21. f4 Rfd8 22. Nd4 Nd7 23. Bxh7+ Kf8 24. Be4 Nxe5 25. Bxd5 Bxd5 26. fxe5 Nc4 27. Qe2 Re8 28. e6 Bxe6 29. Nxe6+ Rxe6 30. Qf2 Rf6 31. Qd4 Nxb2 32.
Re2 Nc4 33. Rae1 Kg8 34. Re8+ Kh7 35. R8e4 Nd6 36. Rh4+ Kg8 37. Qd5 Qc8 38. Qh5 Rh6 39.
Qg5 Rg6 40. Qf4 Nf5 41. Rg4 Qc5+ 42. Kh1 Rf6 43. Qb8+ Kh7 44. Rf4 Qxc3 45. Ref1 g6 46. Qb7 Kg7 47. Qxa6 Qd2 48. Qb5 Ne3 49. Rxf6 Qxg2# 0-1

[Event "Early-Titled-Tuesday-Blitz-March-12-2024"]
[Site "Chess.com"]
[Date "2024.03.12"]
[Round "4"]
[White "crazy_m_attack"]
[Black "ilqar_74"]
[Result "0-1"]
[WhiteElo "2475"]
[BlackElo "2859"]
[TimeControl "180+1"]
[EndTime "8:40:22 PDT"]
[Termination "ilqar_74 won by resignation"]

1. e4 c5 2. Nf3 d6 3. d4 cxd4 4. Nxd4 Nf6 5. Nc3 e5 6. Nb3 Be7 7. Be2 Be6 8. O-O O-O 9. Bg5 Nbd7 10. Re1 Rc8 11. Bf1 a6 12. a4 h6 13. Be3 Nb6 14. a5 Nc4 15. Bc1 Qc7 16. Nd5 Nxd5 17. exd5 Bf5 18.
Ra4 b5 19. axb6 Nxb6 20. Rxa6 Bxc2 21. Qf3 f5 22. Be3 Nd7 23. Rc6 Qb8 24. Na5 Qxb2 25. Rc1 Be4 26. Qd1 Ra8 27. Nc4 Qb8 28. f3 f4 29.
fxe4 fxe3 30. Nxe3 Qa7 31. R1c3 Bg5 32. Qe2 Nf6 33. Rc7 Qd4 34. R7c4 Qb6 35. Rc6 Qb1 36.
Nf5 Ra1 37. Rc7 Nxe4 38. Rxg7+ Kh8 39. Rcc7 Nf6 40. Ng3 Nxd5 41. h4 Be3+ 42. Kh2 Bf4 43. Rh7+ Qxh7 44. Rxh7+ Kxh7 45. Qe4+ Kg7 46. Qxd5 Ra3 47.
Qxd6 Rxg3 48. Bc4 Rg6+ 49. g3 Rxd6 50. gxf4 exf4 0-1

[Event "Early-Titled-Tuesday-Blitz-March-12-2024"]
[Site "Chess.com"]
[Date "2024.03.12"]
[Round "4"]
[White "GalaxyRoman"]
[Black "BogdanDeac"]
[Result "0-1"]
[WhiteElo "2716"]
[BlackElo "3054"]
[TimeControl "180+1"]
[EndTime "8:40:23 PDT"]
[Termination "BogdanDeac won on time"]

1. e4 c6 2. Nc3 d5 3. Nf3 dxe4 4. Nxe4 Nf6 5. Qe2 Na6 6. d4 Qd5 7. Nxf6+ gxf6 8. c3 Bg4 9. h3 Bxf3 10. Qxf3 Qxf3 11.
gxf3 Nc7 12. Bc4 e6 13. f4 f5 14. Ke2 Rg8 15. Kf3 Bd6 16. Be3 Kd7 17. Rag1 Rg6 18. Rg3 Ne8 19. Rhg1 Nf6 20. Bd3 Rh6 21. a4 a5 22. Bd2 Rh4 23. Rg7 Rxh3+ 24. R1g3 Rxg3+ 25. Rxg3 Ke7 26. c4 Bb4 27. Be3 h5 28. Rh3 Rh8 29.
Rh4 Rd8 30. Bc2 Rh8 31. Bd3 Rg8 32. Rh1 Rg6 33. Bc2 Rh6 34. Rh4 Kd7 35. Bd3 Kc7 36. Bc2 Kb8 37. Bd3 Be7 38. Rh3 Bd8 39. Bd2 h4 40. b4 axb4 41. Bxb4 Kc8 42. Bd6 Kd7 43. Bc5 Be7 44. Bb6 Rh8 45. c5 Nd5 46. a5 Rg8 47. Bc4 Nf6 48. a6 bxa6 49. Bxa6 Ne4 50. Bd3 Nc3 51. Bc4 Ra8 52. Kg2 Ne4 53. Bd3 Bf6 54. Bxe4 fxe4 0-1

[Event "Early-Titled-Tuesday-Blitz-March-12-2024"]
[Site "Chess.com"]
[Date "2024.03.12"]
[Round "4"]
[White "Rainbow2014"]
[Black "FoxOnTheRun97"]
[Result "1-0"]
[WhiteElo "2478"]
[BlackElo "2610"]
[TimeControl "180+1"]
[EndTime "8:40:23 PDT"]
[Termination "Rainbow2014 won by checkmate"]

1. e4 c6 2. d4 d5 3. e5 c5 4. dxc5 e6 5. Nf3 Bxc5 6. Be2 Ne7 7. O-O O-O 8. c3 Ng6 9. b4 Bb6 10. a4 a5 11. Re1 Nd7 12. Bd3 f5 13. exf6 Nxf6 14. Bxg6 hxg6 15. Be3 Ne4 16. bxa5 Rxa5 17. Qb3 Bxe3 18. Rxe3 Bd7 19. Nbd2 Nc5 20. Qb4 Qa8 21. Ng5 Rf5 22. Qh4 Rxg5 23. Qxg5 Rxa4 24. Rxa4 Bxa4 25.
Qxg6 Be8 26. Qb1 Bf7 27. h3 Qa5 28. Kh2 Qc7+ 29. Rg3 Nd7 30. Qb4 Nf6 31. Kg1 e5 32. Qh4 Nh5 33. Re3 e4 34. Nf1 Nf4 35. g3 Ne6 36.
Qg4 Qc5 37. h4 b5 38. Qf5 Qd6 39. h5 Nf8 40. Nh2 Nh7 41. Ng4 Be6 42. Qf4 Qa6 43. Qb8+ Kf7 44. Ne5+ Kf6 45. Ng4+ Kf7 46. Ne5+ Kf6 47.
Ng4+ Bxg4 48. Qd8+ Kf7 49. Qc7+ Kf6 50. Qd8+ Ke5 51. Qe7+ Be6 52. Qxg7+ Nf6 53. Qf8 Qa1+ 54. Kg2 Qd1 55. Qb8+ Kf5 56. Qf4# 1-0

[Event "Early-Titled-Tuesday-Blitz-March-12-2024"]
[Site "Chess.com"]
[Date "2024.03.12"]
[Round "4"]
[White "Blitzstream"]
[Black "Roman_Ovetchkin"]
[Result "1-0"]
[WhiteElo "2808"]
[BlackElo "2593"]
[TimeControl "180+1"]
[EndTime "8:40:25 PDT"]
[Termination "Blitzstream won by resignation"]

1. e4 Nc6 2. Nf3 d5 3. d3 dxe4 4. dxe4 Qxd1+ 5. Kxd1 Bg4 6. c3 O-O-O+ 7. Kc2 Bxf3 8. gxf3 e5 9. Bc4 f6 10. Be3 Bd6 11.
h4 Nge7 12. h5 Kb8 13. Nd2 b6 14. a4 a5 15. Rag1 g5 16. hxg6 hxg6 17. Bh6 Rh7 18. Be3 Rdh8 19. Rxh7 Rxh7 20. Be6 g5 21. Nc4 Bc5 22. Bxc5 bxc5 23. Ne3 Nd8 24. Bd7 c6 25. Rd1 Nd5 26. Nxd5 cxd5 27. Rxd5 Rh2 28. Rd2 Kc7 29. Bg4 Nb7 30. Kb3 Nd6 31. Kc2 c4 32. b3 cxb3+ 33.
Kxb3 Kc6 34. Kc2 Nb7 35. Bd7+ Kc7 36. Bb5 Nc5 37. Kd1 Nb3 38. Rd7+ Kb6 39. Ke2 Nc1+ 40. Ke3 Na2 41. c4 Kc5 42. Rf7 Kb4 43. Rxf6 Kc3 44. Rd6 Nb4 45. Rd2 Rh1 46. c5 Re1+ 47. Be2 Nc2+ 48. Rxc2+ Kxc2 49. c6 Kb3 50. Kd2 Ra1 51. c7 Ra2+ 52. Ke3 Kxa4 53. c8=Q 1-0

[Event "Early-Titled-Tuesday-Blitz-March-12-2024"]
[Site "Chess.com"]
[Date "2024.03.12"]
[Round "4"]
[White "Ginzburg_Yakov"]
[Black "Happy1712Drummer"]
[Result "1-0"]
[WhiteElo "2551"]
[BlackElo "2372"]
[TimeControl "180+1"]
[EndTime "8:40:28 PDT"]
[Termination "Ginzburg_Yakov won on time"]

1. d4 d5 2. c4 e6 3. Nc3 c5 4. e3 Nf6 5. Nf3 Nc6 6. a3 dxc4 7. Bxc4 a6 8. O-O b5 9. Ba2 Bb7 10. d5 exd5 11. Nxd5 Bd6 12. e4 Nxd5 13. Bxd5 O-O 14. Re1 Qc7 15. e5 Be7 16. Qe2 Rad8 17. Be4 Nd4 18.
Nxd4 Rxd4 19. Bxb7 Qxb7 20. e6 Qd5 21. exf7+ Rxf7 22. Be3 Rd3 23. h3 Bf8 24. a4 b4 25.
Red1 Rd7 26. Rxd3 Qxd3 27. Qg4 c4 28. Qe6+ Kh8 29. Qxa6 h6 30. a5 b3 31. Qb5 Rd5 32. Qe8 Rd8 33. Qb5 Rd5 34. Qe8 Rd8 35. Qe6 Qc2 36. Rc1 Rd1+ 37. Rxd1 Qxd1+ 38. Kh2 Bd6+ 39. g3 c3 40. Qc8+ Kh7 41. Qxc3 Qc2 42. Qd4 Be7 43. a6 Bf6 44. Qd5 Qxb2 45. Qe4+ g6 46. a7 Qa3 47. Qb7+ Bg7 48. a8=Q 1-0

[Event "Early-Titled-Tuesday-Blitz-March-12-2024"]
[Site "Chess.com"]
[Date "2024.03.12"]
[Round "4"]
[White "David_ATM"]
[Black "jraosam"]
[Result "1-0"]
[WhiteElo "2382"]
[BlackElo "1975"]
[TimeControl "180+1"]
[EndTime "8:40:33 PDT"]
[Termination "David_ATM won by resignation"]

1. e4 c5 2. c3 Nf6 3. e5 Nd5 4.
d4 cxd4 5. Nf3 e6 6. cxd4 d6 7. Bc4 Nb6 8. Bd3 Nc6 9. O-O Qc7 10. Nc3 a6 11. Qe2 dxe5 12. dxe5 Be7 13. Re1 Bd7 14.
Bg5 h6 15. Bxe7 Nxe7 16. Rac1 Bc6 17. Ne4 O-O 18. Nd6 Nbc8 19. Red1 Rd8 20. Ne4 Ng6 21.
Ng3 Nf4 22. Qc2 Nxd3 23. Rxd3 Rxd3 24. Qxd3 Ne7 25. Qd6 Qxd6 26. exd6 Nc8 27. Ne5 Nxd6 28. Nxc6 bxc6 29. Rxc6 Nb5 30. h4 Kf8 31. Ne4 Nd4 32. Rc7 Nb5 33. Rb7 Ra7 34. Rb6 Ke7 35. Nc5 Nc7 36. a4 a5 37. Rb7 Rxb7 38. Nxb7 Na6 39.
Nxa5 Nc5 40. b3 Kd7 41. Kf1 Kc7 42. Ke2 Kb6 43. Nc4+ Kc6 44. Nd2 e5 45. Kd1 f5 46.
Kc2 g5 47. Nc4 Kd5 48. hxg5 hxg5 49. a5 f4 50. f3 e4 51. fxe4+ Kxe4 52. b4 Na6 53. b5 Nc5 54. a6 Ne6 55. a7 Nc7 56. b6 Na8 57. b7 g4 58. bxa8=Q+ 1-0

[Event "Early-Titled-Tuesday-Blitz-March-12-2024"]
[Site "Chess.com"]
[Date "2024.03.12"]
[Round "4"]
[White "secrethawk1"]
[Black "KhazhatulyAlikhan"]
[Result "0-1"]
[WhiteElo "2462"]
[BlackElo "2454"]
[TimeControl "180+1"]
[EndTime "8:40:34 PDT"]
[Termination "KhazhatulyAlikhan won on time"]

1. Nf3 Nf6 2. b3 d5 3. Bb2 e6 4.
d3 c5 5. Nbd2 Nc6 6. g3 Be7 7. Bg2 O-O 8. O-O b6 9. e4 Bb7 10. Re1 dxe4 11. Nxe4 Nxe4 12. Rxe4 Bf6 13. Bxf6 Qxf6 14. Re1 Rad8 15. Nd2 Rd7 16. Ne4 Qg6 17. h4 Nd4 18. c3 Nc6 19. Qc2 Rfd8 20. Rad1 Qf5 21. Re3 h6 22. f4 Ne7 23. Kh2 Qg6 24.
Ree1 Nf5 25. Rg1 Ne3 26. Qe2 Nxd1 27. Rxd1 Ba6 28. c4 Bb7 29. h5 Qh7 30. g4 Kh8 31. Nf2 Bxg2 32. Kxg2 Rd4 33. Qe5 Qg8 34. g5 Qh7 35.
Ne4 Qf5 36. gxh6 Qxe5 37. fxe5 gxh6 38. Nf2 Rg8+ 39. Kf3 Rg5 40. Ne4 Rf5+ 41. Ke3 Rxe5 42. Rh1 Rf5 43. Rg1 Re5 44. Kf4 Rf5+ 45. Ke3 Rd8 46. Ng3 Rg5 47. Kf4 Rdg8 48. Rg2 Rg4+ 49. Kf3 R4g5 50. Kf4 Rxh5 0-1

[Event "Early-Titled-Tuesday-Blitz-March-12-2024"]
[Site "Chess.com"]
[Date "2024.03.12"]
[Round "4"]
[White "margarita_2703"]
[Black "Zq1"]
[Result "0-1"]
[WhiteElo "2401"]
[BlackElo "2562"]
[TimeControl "180+1"]
[EndTime "8:40:35 PDT"]
[Termination "Zq1 won by checkmate"]

1. e4 c5 2. Nf3 d6 3. d4 cxd4 4.
Qxd4 a6 5. Be3 e6 6. c4 Be7 7.
Nc3 Nf6 8. h3 Nbd7 9. Qd2 b6 10.
Nd4 Bb7 11. Bd3 Nc5 12. f3 Nxd3+ 13. Qxd3 O-O 14. O-O Rc8 15. Rfd1 Nd7 16. Rac1 Ne5 17. Qe2 Nxc4 18. b3 Ne5 19. Na4 Nd7 20. Rxc8 Qxc8 21. Rc1 Qa8 22. Rc7 Rd8 23. Rxd7 Rxd7 24. Nxb6 Qd8 25. Nxd7 Qxd7 26. Qc2 Bf6 27. Ne2 d5 28.
exd5 Bxd5 29. Bd4 Bxb3 30. Qxb3 Bxd4+ 31. Nxd4 Qxd4+ 32. Kh1 Qd8 33. Qc4 a5 34. Kg1 h5 35.
Kf2 h4 36. Qa4 g6 37. Qc4 Kg7 38. Qc3+ Kh7 39. Qc4 Qg5 40. Qc3 Qg3+ 41. Kf1 Qg5 42. Kf2 Qd5 43. a3 g5 44. Qf6 Qd2+ 45. Kf1 Qf4 46. Qc3 a4 47. Kf2 Kg6 48. Qd3+ Kf6 49. Qc3+ e5 50. Qc6+ Kg7 51. Kf1 Qd4 52. Qc1 Kg6 53.
Qc2+ Kf6 54. Qc6+ Kg7 55. Qc2 f6 56. Qc7+ Kg6 57. Qc1 Kf7 58. Qc7+ Ke6 59. Qc6+ Kf5 60. Qc8+ Kf4 61. Qc1+ Kg3 62. Qe1+ Kh2 63. Ke2 Qb2+ 64. Ke3 Qxg2 65. Ke4 Kxh3 66. Qc3 g4 67. Qb4 Qxf3# 0-1

[Event "Early-Titled-Tuesday-Blitz-March-12-2024"]
[Site "Chess.com"]
[Date "2024.03.12"]
[Round "4"]
[White "YegoryoCh"]
[Black "Airquake"]
[Result "0-1"]
[WhiteElo "2491"]
[BlackElo "2657"]
[TimeControl "180+1"]
[EndTime "8:40:36 PDT"]
[Termination "Airquake won by resignation"]

1. e4 c5 2. Nf3 d6 3. d4 cxd4 4. Nxd4 Nf6 5. Nc3 a6 6. Nb3 Qc7 7. Be3 b5 8. a4 b4 9. Nd5 Nxd5 10. exd5 Nd7 11. Qd2 Bb7 12. O-O-O Nf6 13. Qxb4 Nxd5 14. Qa5 Rc8 15. Qxc7 Rxc7 16. Bd2 g6 17. Na5 Bc8 18. Bc4 Nb6 19. Bc3 Nxc4 20. Nxc4 f6 21. Na5 Bd7 22.
Rhe1 Kf7 23. Rd4 e5 24. Rb4 d5 25. Rb6 Bxa4 26. Rxf6+ Kxf6 27. Bxe5+ Kf7 28. Bxc7 Bc5 29. Nb7 Ba7 30. Nd6+ Kf6 31. Nb5 Bxf2 32. Be5+ Kg5 33. Rd1 Re8 34. Bd4 Re2 35. Bxf2 Rxc2+ 36. Kb1 Rxf2 37. Rxd5+ Kh6 38. Nc3 Bc6 39. Rd6 Bxg2 40. Rxa6 Bh3 41. b4 Rxh2 42. b5 Bf1 43. Rf6 Bd3+ 44.
Ka1 Rc2 45. Rc6 Bxb5 46. Rc5 Bd3 47. Rc7 Bf5 48. Rc5 Kh5 49. Na4 Rxc5 50. Nxc5 Kg4 51. Kb2 h5 52. Kc3 h4 53. Kd2 h3 54. Ke1 h2 0-1

[Event "Early-Titled-Tuesday-Blitz-March-12-2024"]
[Site "Chess.com"]
[Date "2024.03.12"]
[Round "4"]
[White "Rikikits"]
[Black "littlepinkyboy"]
[Result "1-0"]
[WhiteElo "2877"]
[BlackElo "2641"]
[TimeControl "180+1"]
[EndTime "8:40:37 PDT"]
[Termination "Rikikits won on time"]

1. d4 d5 2. c4 c6 3. Nc3 Nf6 4. e3 e6 5. b3 Bb4 6. Ne2 O-O 7. a3 Bd6 8. Bb2 Nbd7 9. g3 b6 10. Bg2 Bb7 11. O-O Qe7 12. cxd5 exd5 13. b4 b5 14. Nf4 a5 15. Nd3 axb4 16. axb4 Bxb4 17. Qb3 Bd6 18. Rfe1 Rxa1 19. Bxa1 b4 20. e4 dxe4 21. Nxe4 Nxe4 22. Bxe4 Qg5 23. Ne5 Nxe5 24. dxe5 Bc5 25. Qc2 Bb6 26. Bxh7+ Kh8 27. Be4 Rd8 28.
Re2 Bd4 29. Bxd4 Rxd4 30. Qc5 Rd8 31. Qxb4 Ba8 32. Qc5 Qh5 33. Re3 Qh6 34. Kg2 Qe6 35.
Rf3 Re8 36. Rf5 g6 37. Rg5 Qe7 38. Qxe7 Rxe7 39. f4 Bb7 40. Bf3 c5 41. Bxb7 Rxb7 42. Kf3 c4 43. Ke3 Rd7 44. e6 fxe6 45. Rc5 Rd3+ 46.
Ke4 Rd2 47. h4 Re2+ 48. Kf3 Rc2 49. Rc6 c3 50. Rxe6 Kg7 51. Rc6 Rc1 52. Kg4 c2 53.
Rc4 Kf6 54. Rc7 1-0

[Event "Early-Titled-Tuesday-Blitz-March-12-2024"]
[Site "Chess.com"]
[Date "2024.03.12"]
[Round "4"]
[White "Maxfan2008"]
[Black "KetiTsatsalashvili"]
[Result "1-0"]
[WhiteElo "2600"]
[BlackElo "2429"]
[TimeControl "180+1"]
[EndTime "8:40:38 PDT"]
[Termination "Maxfan2008 won on time"]

1. d4 Nf6 2. c4 e6 3. Nc3 d5 4. cxd5 exd5 5. Bg5 c6 6. e3 Bg4 7. Qc2 Be7 8. Bd3 Nbd7 9. h3 Bh5 10. Nge2 Bg6 11.
Nf4 Bxd3 12. Nxd3 Ne4 13. Bf4 O-O 14. O-O Re8 15. Rab1 a5 16. a3 Bd6 17. Bxd6 Nxd6 18. Na4 Nc4 19. Rfc1 Qe7 20. Ra1 Qd6 21. Nac5 Nxc5 22.
Nxc5 b6 23. b3 Nxe3 24. fxe3 bxc5 25. dxc5 Qh6 26. Kh1 Rxe3 27. b4 axb4 28. axb4 Rae8 29. Qf5 g6 30. Qf6 R3e6 31. Qf2 Re2 32. Qf6 R2e6 33.
Qd4 Qg5 34. Rf1 Re2 35. Qg4 Qxg4 36. hxg4 R2e4 37. Ra7 Rf8 38. Rb7 Rxg4 39. Rf6 Rc4 40. Rxc6 Rf4 41. b5 Re8 42. Rd6 Re1+ 43. Kh2 g5 44.
Rxd5 h6 45. c6 Rh4+ 46. Kg3 Re3+ 47. Kf2 Rhe4 48. Rd2 Rb3 49. c7 Rf4+ 50. Ke2 Re4+ 51. Kd1 Rb1+ 52. Kc2 Rbb4 53. c8=Q+ Kg7 54. Qc3+ Kg6 55.
Rb6+ Kh5 56. g4+ Kxg4 57. Rg2+ Kh5 58. Qh3+ 1-0

[Event "Early-Titled-Tuesday-Blitz-March-12-2024"]
[Site "Chess.com"]
[Date "2024.03.12"]
[Round "4"]
[White "theoneandonlydaaevik"]
[Black "JosephRyan"]
[Result "1-0"]
[WhiteElo "2506"]
[BlackElo "2195"]
[TimeControl "180+1"]
[EndTime "8:40:38 PDT"]
[Termination "theoneandonlydaaevik won by resignation"]

1. c4 e6 2. Nf3 d5 3. g3 Nf6 4. Bg2 Be7 5. O-O O-O 6. b3 a5 7. Nc3 d4 8. Nb5 Nc6 9. Bb2 e5 10. d3 Re8 11. h3 Bf8 12. Kh2 h6 13. a3 Bf5 14. Nd2 e4 15. dxe4 Nxe4 16. Nxe4 Bxe4 17. Nxd4 Bxg2 18. Kxg2 Nxd4 19. Bxd4 c5 20. Be3 Qc7 21. Qd5 Rad8 22. Qf3 a4 23. bxa4 b6 24.
Rab1 Ra8 25. Bf4 Qd7 26. Rxb6 Qxa4 27. Rb7 Qxc4 28. Rb2 Qe4 29. Ra1 c4 30. Qxe4 Rxe4 31. a4 c3 32. Rc2 Rexa4 33. Rxa4 Rxa4 34. Rxc3 Ra2 35. Rc8 Ra6 36. Be3 g5 37. Bc5 Kg7 38.
Bxf8+ Kg6 39. Bc5 Ra2 40. e4 h5 41. Rc6+ Kg7 42. Bd4+ Kh7 43. Rc5 Kg6 44. h4 g4 45.
Rg5+ Kh6 46. Bg7+ Kh7 47. Bf8 Ra8 48. Rxh5+ Kg6 49. Rg5+ Kf6 50. Bg7+ Ke6 51. h5 f5 52.
exf5+ Kf7 53. h6 Rg8 54. Rxg4 Rxg7 55. hxg7 Kg8 56. f6 Kf7 57. g8=Q+ 1-0

[Event "Early-Titled-Tuesday-Blitz-March-12-2024"]
[Site "Chess.com"]
[Date "2024.03.12"]
[Round "4"]
[White "Viktoker"]
[Black "mikheeva86"]
[Result "1-0"]
[WhiteElo "2505"]
[BlackElo "2171"]
[TimeControl "180+1"]
[EndTime "8:40:39 PDT"]
[Termination "Viktoker won on time"]

1. d4 d5 2. c4 e6 3. Nc3 Nf6 4. cxd5 exd5 5. Bg5 Be7 6. e3 Bg4 7. Qc2 h6 8. Bh4 Nbd7 9. Bd3 c5 10. h3 cxd4 11.
exd4 Be6 12. Nf3 O-O 13. O-O Rc8 14. Rfe1 Nb6 15. Ne5 Nc4 16. Rad1 Qa5 17. Bxc4 dxc4 18. d5 Nxd5 19. Rxd5 Bxd5 20. Bxe7 Rfe8 21. Bh4 Bxg2 22. Kxg2 Rxe5 23. Rxe5 Qxe5 24. Bg3 Qe6 25. Qe4 Qb6 26. Nd5 Qxb2 27. Ne7+ Kh8 28. Nxc8 c3 29. Nd6 c2 30. Nxf7+ Kg8 31. Qe8+ Kh7 32. Qe4+ Kg8 33. Nxh6+ gxh6 34. Qg6+ Kh8 35. Qxh6+ Kg8 36. Bf4 Kf7 37. Qh7+ Ke6 38.
Qe4+ Kd7 39. Qd5+ Ke8 40. Qe6+ Kd8 41. Qd6+ Ke8 42. Qe6+ Kd8 43. Qd5+ Ke8 44. Qe4+ Kd7 45. Qe3 Qxa2 46. h4 a5 47. Qc5 a4 48. Qd6+ Ke8 49.
Bg5 Kf7 50. Qf6+ Kg8 51. Qd8+ Kf7 52. Qe7+ Kg6 53. Qf6+ Kh7 54. Qf5+ Kg7 55. h5 Qb3 56. h6+ 1-0

[Event "Early-Titled-Tuesday-Blitz-March-12-2024"]
[Site "Chess.com"]
[Date "2024.03.12"]
[Round "4"]
[White "bascheyaro"]
[Black "BilodeauA"]
[Result "0-1"]
[WhiteElo "2784"]
[BlackElo "2990"]
[TimeControl "180+1"]
[EndTime "8:40:42 PDT"]
[Termination "BilodeauA won by resignation"]

1. d4 d5 2. Nf3 Nf6 3. c4 dxc4 4. Nc3 a6 5. Bg5 b5 6. Bxf6 exf6 7. g3 Bb7 8. Bg2 Be7 9. O-O O-O 10. a4 c6 11. e3 Nd7 12. Qc2 Nb6 13. axb5 axb5 14.
b3 b4 15. Ne4 cxb3 16. Qxb3 Ba6 17. Rfc1 Qd5 18. Qb1 Bb5 19. Rxa8 Rxa8 20. Nc5 Qa2 21. Qxb4 Nd5 22. Qd2 g6 23. h4 h5 24. Bf1 Qa3 25.
Ne1 f5 26. Ned3 Bd6 27. Ne5 Kg7 28. Ncd3 Qa2 29. Qxa2 Rxa2 30. Nf4 Nf6 31. Nxc6 Bxf1 32. Kxf1 Ne4 33. Nh3 Ba3 34. Rd1 Rc2 35. Ne5 Bb2 36. Nd3 Ba3 37. Nhf4 Nd2+ 38. Kg2 Ne4 39. Ra1 Bd6 40.
Rc1 Rd2 41. Rf1 Kh6 42. Kg1 f6 43. Ne1 g5 44. hxg5+ fxg5 45. Ne6 Ra2 46. Nf3 h4 47. gxh4 g4 48. Nfg5 Nd2 49. Rd1 Kh5 50. Kg2 Nc4 51.
Re1 Bb4 52. Nf4+ Kxh4 53. Rh1+ Kxg5 54. Rh5+ Kf6 55. Kg3 Nd2 56. Rh6+ Kg7 57. Rg6+ Kf7 58. Kh4 Be7+ 59. Kh5 Ra8 60. Rh6 Ne4 61. Rh7+ Kf6 62. Nd5+ Ke6 63. Nxe7 Nf6+ 64. Kg5 Nxh7+ 65. Kf4 Kxe7 66.
Kxf5 Rf8+ 0-1

[Event "Early-Titled-Tuesday-Blitz-March-12-2024"]
[Site "Chess.com"]
[Date "2024.03.12"]
[Round "4"]
[White "Jimonios"]
[Black "stollenmonster"]
[Result "0-1"]
[WhiteElo "2676"]
[BlackElo "2876"]
[TimeControl "180+1"]
[EndTime "8:40:43 PDT"]
[Termination "stollenmonster won by resignation"]

1. e4 c5 2. Nf3 Nf6 3. e5 Nd5 4. Nc3 e6 5. Ne4 Nc6 6. c4 f5 7.
Nc3 Nde7 8. d4 cxd4 9. Nxd4 Nxe5 10. Ndb5 N7c6 11. Bf4 a6 12. Nd6+ Bxd6 13. Qxd6 Nf7 14.
Qd2 e5 15. Be3 d6 16. Nd5 O-O 17. O-O-O Be6 18. Bb6 Qd7 19. Nc7 Rac8 20. Nxe6 Qxe6 21. Kb1 e4 22. Be2 Nce5 23. b3 d5 24. Bd4 dxc4 25. Bxe5 Nxe5 26. Qd5 Qxd5 27. Rxd5 Nd3 28. bxc4 Nxf2 29.
Rf1 e3 30. Kc2 g6 31. Kc3 f4 32. a4 Ne4+ 33. Kd4 Nd2 34. Rd1 Rfe8 35. Kc3 Re4 36. Rd4 Rxd4 37. Kxd4 Rd8+ 38. Kc5 Rd7 39. Bg4 Re7 40.
Be2 g5 41. Kd6 Kf7 42. c5 Kf6 43. Kd5 Re5+ 44. Kd4 Nb3+ 45. Kc3 Nxc5 46. Rd6+ Re6 47. Rd5 Nxa4+ 48. Kb4 Nb6 49. Rd8 Ke7 50. Rh8 Rc6 51.
Rxh7+ Kf6 52. Rh6+ Ke5 53. Rh8 Nd5+ 54. Kb3 Nc3 55.
Bg4 Nb5 56. Re8+ Kd6 57. Rg8 Nd4+ 58. Kb2 Rc5 59. Rd8+ Ke5 60. Re8+ Kd5 61. Rg8 Kc4 62. Rxg5 Rxg5 0-1

[Event "Early-Titled-Tuesday-Blitz-March-12-2024"]
[Site "Chess.com"]
[Date "2024.03.12"]
[Round "4"]
[White "Sattarov_Bobur"]
[Black "PolandHussars"]
[Result "1-0"]
[WhiteElo "2809"]
[BlackElo "2538"]
[TimeControl "180+1"]
[EndTime "8:40:44 PDT"]
[Termination "Sattarov_Bobur won by checkmate"]

1. e4 e5 2. Nf3 Nc6 3. Bb5 g6 4. d4 exd4 5. Bg5 Be7 6. Bxe7 Qxe7 7. Bxc6 dxc6 8. Qxd4 Nf6 9. Nc3 Bg4 10. Nd2 c5 11. Qe3 O-O-O 12. f3 Bd7 13. O-O-O b6 14. Qh6 Ng8 15. Qf4 Bc6 16. Nc4 Qf6 17. Rxd8+ Kxd8 18. Rd1+ Kc8 19. Qe5 h6 20. h4 Rh7 21. h5 gxh5 22.
Rh1 Rg7 23. Rh2 b5 24. Qxf6 Nxf6 25. Ne3 Bd7 26. Ne2 Be6 27. Nf4 Kd7 28. Nxh5 Rg6 29.
Nf4 Rg5 30. Rxh6 Ne8 31. b3 a5 32. Kb2 c6 33. a4 Nc7 34. Kc3 c4 35. axb5 cxb5 36.
bxc4 b4+ 37. Kd4 a4 38. Nfd5 b3 39. cxb3 axb3 40. Kc3 Na6 41. Kxb3 Nc5+ 42. Kc3 Kd6 43. Nf5+ Kd7 44. Nfe3 Kd6 45. Rh1 Rg8 46. Rb1 Ra8 47.
Rb6+ Kd7 48. Kd4 Na4 49. Rb4 Kc6 50. Nd1 Nc5 51. Rb6+ Kd7 52. Kxc5 Ra2 53. N1e3 Re2 54. Kd4 Rd2+ 55. Ke5 Re2 56. Rb7+ Kd8 57. Nf5 Rxg2 58. Nd6 Rg5+ 59. Kf6 Rg6+ 60. Ke5 Rg5+ 61. Kd4 Rg1 62. Nxf7+ Kc8 63. Nd6+ Kd8 64. c5 Rd1+ 65. Ke5 Re1 66. Kxe6 Rxe4+ 67. Nxe4 Kc8 68. Nd6+ Kd8 69. Rd7# 1-0

[Event "Early-Titled-Tuesday-Blitz-March-12-2024"]
[Site "Chess.com"]
[Date "2024.03.12"]
[Round "4"]
[White "Vasily85"]
[Black "PepeCuenca"]
[Result "0-1"]
[WhiteElo "2465"]
[BlackElo "2694"]
[TimeControl "180+1"]
[EndTime "8:40:46 PDT"]
[Termination "PepeCuenca won by resignation"]

1. e4 c5 2. Nf3 Nc6 3. Bb5 e5 4. O-O Bd6 5. c3 a6 6. Ba4 b5 7. Bc2 Nge7 8. d4 cxd4 9. cxd4 Nxd4 10. Nxd4 exd4 11. Qxd4 Qc7 12. Bb3 Bxh2+ 13. Kh1 Be5 14.
Qe3 Bb7 15. f4 Bd6 16. Bd2 Bc5 17. Qe2 d5 18. exd5 O-O 19. Nc3 Nf5 20. Qg4 Bc8 21. Ne4 Bd4 22. Qf3 Qd8 23. g3 Bb7 24. Nc3 Rc8 25.
Rad1 g6 26. Ne4 Bg7 27. Bc3 Bxc3 28. Nxc3 h5 29. Kg1 Qf6 30. Qf2 Rfe8 31. Rfe1 Rcd8 32. Ne4 Qg7 33. Nc5 Rxe1+ 34. Qxe1 Bc8 35. Qf2 Qf6 36. Ne4 Qg7 37. Qc5 Qf8 38. Qxf8+ Kxf8 39. Kf2 Nd6 40. Nc5 Bf5 41. Kf3 a5 42. a3 a4 43.
Ba2 Rb8 44. Nd3 b4 45. Nxb4 Kg7 46. Bb1 Bxb1 47. Rxb1 Rb5 48. Rd1 Nc4 49. Rd4 Nd6 50.
Rd2 Rb8 51. Nc6 Rb3+ 52. Kf2 Ne4+ 53. Ke2 Nxd2 54. Kxd2 Kf6 55. Kc2 Rxg3 56. d6 Ke6 57. d7 Kxd7 58. Ne5+ Ke6 59. Nd3 h4 60. Nc5+ Kf5 61.
Nxa4 h3 0-1

[Event "Early-Titled-Tuesday-Blitz-March-12-2024"]
[Site "Chess.com"]
[Date "2024.03.12"]
[Round "4"]
[White "ajedrezsinlimites"]
[Black "Mysterio47"]
[Result "1/2-1/2"]
[WhiteElo "2525"]
[BlackElo "2751"]
[TimeControl "180+1"]
[EndTime "8:40:48 PDT"]
[Termination "Game drawn by stalemate"]

1. e4 e5 2. Nf3 Nc6 3. d4 exd4 4. Nxd4 Nf6 5. Nxc6 dxc6 6. Qxd8+ Kxd8 7. Bg5 Be7 8. Nc3 Be6 9. O-O-O+ Nd7 10. Bxe7+ Kxe7 11. Be2 a5 12. a4 Nc5 13. b3 g5 14. h4 h6 15. Kd2 Rad8+ 16. Ke3 Rxd1 17. Bxd1 Rg8 18. hxg5 hxg5 19. g3 Na6 20. Ne2 c5 21. c3 c6 22. f4 gxf4+ 23. gxf4 b5 24. f5 Bd7 25. Kf4 Rg2 26. Kf3 Rg8 27. Rh7 Nc7 28. Nf4 Be8 29.
e5 Nd5 30. axb5 Nxf4 31. Kxf4 cxb5 32. Bh5 a4 33. bxa4 bxa4 34. Bxf7 Bxf7 35. e6 Rf8 36. Ke5 a3 37. f6+ Ke8 38. exf7+ Kd7 39. Rh2 Rxf7 40. Rd2+ Kc6 41. Ke6 Ra7 42. f7 Ra8 43. Ra2 Kb5 44.
Rxa3 Rxa3 45. f8=Q Rxc3 46. Qb8+ Kc4 47. Qf4+ Kb5 48.
Qd2 Rc4 49. Qb2+ Rb4 50. Qe2+ Kb6 51. Qd3 Rd4 52. Qc3 Kc6 53. Ke5 Kb5 54. Qb3+ Kc6 55. Qa3 Kb5 56. Qa7 Kc6 57. Qa6+ Kc7 58. Qb5 Rd7 59. Qxc5+ Kd8 60. Ke6 Rh7 61. Qd6+ Kc8 62. Qc6+ Rc7 63. Qa6+ Kb8 64. Kd6 Rd7+ 65. Kc6 Rd6+ 66.
Kxd6 1/2-1/2